[Event "Titled Tuesday Blitz May 16 Late 2023"]
[White "Domingo Nunez, Alejandro"]
[Black "Chemin, Justo Reinaldo"]
[WhiteFideId "22245561"]
[BlackFideId "2101580"]
[WhiteElo "2291"]
[BlackElo "1940"]
[Result "1-0"]
[Round "01"]
[TimeControl "180+2"]
[Date "2023.05.16"]
[WhiteClock "0:00:30"]
[BlackClock "0:00:00"]

1. Nf3 d5 2. g3 c6 3. Bg2 Bf5 4. O-O e6 5. d3 Nf6 6. Nbd2 h6 7. b3 a5 8. a4 Na6 9. Bb2 Be7 10. Ne5 O-O 11. e4 Bh7 12. Qe2 Nb8 13. f4 Nbd7 14. Nef3 dxe4 15. dxe4 Bc5+ 16. Kh1 Ng4 17. Nd4 Ngf6 18. Nc4 Re8 19. Rad1 Qc7 20. e5 Nd5 21. Nd2 Qb6 22. Nc4 Qa7 23. Qf3 Rac8 24. Rfe1 Nb4 25. Nxe6 Nxc2 26. Re2 fxe6 27. Rxd7 Nb4 28. Qg4 Bf8 29. Nd6 Qc5 30. Nxc8 Rxc8 31. Qxe6+ 1-0


[Site "https://www.chess.com"]

[Event "Titled Tuesday Blitz May 16 Late 2023"]
[White "Fuentes Godoy, Lilia Ivonne"]
[Black "Danielyan, Vahe"]
[WhiteFideId "5104130"]
[BlackFideId "13304828"]
[WhiteElo "2096"]
[BlackElo "2423"]
[Result "0-1"]
[Round "01"]
[TimeControl "180+2"]
[Date "2023.05.16"]
[WhiteClock "0:00:08"]
[BlackClock "0:02:35"]

1. d4 d5 2. c4 c6 3. cxd5 cxd5 4. Bf4 Nc6 5. e3 Bf5 6. Nc3 e6 7. Bd3 Bxd3 8. Qxd3 Nf6 9. a3 Bd6 10. Bxd6 Qxd6 11. f4 O-O 12. Nf3 Rfc8 13. O-O Na5 14. Ne5 Qa6 15. Na4 Qxd3 16. Nxd3 Nb3 17. Rae1 b6 18. Nc1 Nd2 19. Rf2 Nfe4 20. Rfe2 Rc7 21. Nc3 Nxc3 22. Rxd2 Ne4 23. Rde2 Rac8 24. Nd3 Rc2 25. Kf1 f6 26. g3 a5 27. Nf2 Nd2+ 28. Kg2 Nb3 29. Kf3 Kf7 30. e4 Nxd4+ 0-1


[Site "https://www.chess.com"]

[Event "Titled Tuesday Blitz May 16 Late 2023"]
[White "Winkels, Marcel"]
[Black "Romkachess"]
[WhiteFideId "1003887"]
[WhiteElo "1900"]
[BlackElo "2559"]
[Result "0-1"]
[Round "01"]
[TimeControl "180+2"]
[Date "2023.05.16"]
[WhiteClock "0:00:19"]
[BlackClock "0:01:29"]

1. d4 Nf6 2. Nc3 d5 3. Bf4 a6 4. e3 e6 5. Nf3 c5 6. dxc5 Bxc5 7. Bd3 O-O 8. O-O Nc6 9. e4 dxe4 10. Nxe4 Be7 11. Qe2 Nd5 12. Bg5 h6 13. Bd2 Ndb4 14. Bc3 Nxd3 15. cxd3 b5 16. Rac1 Bb7 17. d4 Rc8 18. a3 Qd5 19. Rfe1 Rfd8 20. Rcd1 a5 21. Ng3 b4 22. axb4 axb4 23. Bd2 Nxd4 24. Nxd4 Qxg2# 0-1


[Site "https://www.chess.com"]

[Event "Titled Tuesday Blitz May 16 Late 2023"]
[White "Aggelis, Nikolaos"]
[Black "Rodriguez Polo, Mateo"]
[WhiteFideId "4213220"]
[BlackFideId "24509396"]
[WhiteElo "2189"]
[BlackElo "2117"]
[Result "0-1"]
[Round "01"]
[TimeControl "180+2"]
[Date "2023.05.16"]
[WhiteClock "0:00:11"]
[BlackClock "0:00:11"]

1. c4 Nf6 2. d3 e6 3. Nf3 d5 4. d4 Be7 5. g3 O-O 6. Bg2 dxc4 7. O-O Nc6 8. e3 Rb8 9. a4 a6 10. a5 Bb4 11. Nbd2 Nxa5 12. Rxa5 Bxa5 13. Nxc4 Bb4 14. Qb3 Be7 15. Nfe5 Bd7 16. Bd2 Bb5 17. Rc1 Bxc4 18. Qxc4 c6 19. Qa4 Nd5 20. Ba5 Qd6 21. Nc4 Qd7 22. e4 Nf6 23. Nb6 Qe8 24. Qc4 Nd7 25. h4 Nxb6 26. Bxb6 Qd7 27. Bh3 Bd8 28. Bc5 Be7 29. Bb6 Qd6 30. Bc5 Qd8 31. b4 b6 32. Bxe7 Qxe7 33. Rb1 c5 34. bxc5 bxc5 35. Rxb8 Rxb8 36. dxc5 Rc8 37. Qxa6 Qxc5 38. Qe2 Qc1+ 39. Bf1 g6 40. h5 Qa1 41. Kg2 Rc1 42. Qb5 gxh5 43. Qg5+ Kf8 44. Qd8+ Kg7 45. Qg5+ Kf8 46. Qd8+ Kg7 47. Qg5+ Kh8 48. Qe7 Qg7 49. Qe8+ Qg8 50. Qe7 Rc8 51. Qf6+ Qg7 52. Qh4 Rg8 53. Be2 Qg5 54. Qxh5 Qxh5 55. Bxh5 Rf8 56. Kf3 Kg7 57. Kf4 Rb8 58. Be2 Rb2 59. Kf3 f6 60. Bc4 e5 61. Be6 Kg6 62. Bf5+ Kg7 63. Kg2 h5 64. Kf3 Kh6 65. Bd7 Kg5 66. Be8 Rb8 67. Bd7 Rd8 68. Bf5 Rd3+ 69. Ke2 Ra3 70. Kf1 Rf3 71. Kg2 Rxf5 72. exf5 Kxf5 73. Kh3 Kg5 74. f3 f5 75. Kg2 e4 76. fxe4 fxe4 77. Kf2 Kg4 78. Ke3 Kxg3 79. Kxe4 h4 80. Ke3 h3 81. Ke2 Kg2 0-1


[Site "https://www.chess.com"]

[Event "Titled Tuesday Blitz May 16 Late 2023"]
[White "Bruedigam, Martin"]
[Black "Kovacevic, Radmila"]
[WhiteFideId "24608033"]
[BlackFideId "933171"]
[WhiteElo "2331"]
[BlackElo "2194"]
[Result "0-1"]
[Round "01"]
[TimeControl "180+2"]
[Date "2023.05.16"]
[WhiteClock "0:00:00"]
[BlackClock "0:00:48"]

1. d4 e5 2. dxe5 Nc6 3. Nf3 Qe7 4. Qd5 f6 5. exf6 Nxf6 6. Qd1 d5 7. e3 Bg4 8. Be2 O-O-O 9. c3 Ne4 10. Nbd2 h5 11. Nd4 Ne5 12. N2f3 Qf6 13. h3 c5 14. Nb5 Be6 15. Nxa7+ Kb8 16. Nb5 g5 17. Qa4 Nc6 18. Rf1 Bg7 19. Bd2 g4 20. Ng1 Nxd2 21. Kxd2 d4 22. cxd4 cxd4 23. exd4 Qg5+ 24. Ke1 Bxd4 25. Rd1 Bc5 26. f4 gxf3 27. Nxf3 Qg3+ 0-1


[Site "https://www.chess.com"]

[Event "Titled Tuesday Blitz May 16 Late 2023"]
[White "AyMitecK"]
[Black "Sailer, Mike"]
[BlackFideId "2012901"]
[WhiteElo "2554"]
[BlackElo "2109"]
[Result "1-0"]
[Round "01"]
[TimeControl "180+2"]
[Date "2023.05.16"]
[WhiteClock "0:00:55"]
[BlackClock "0:01:14"]

1. e4 d5 2. exd5 Qxd5 3. Nc3 Qd6 4. d4 Nf6 5. Nf3 c6 6. Ne5 Nbd7 7. f4 g6 8. Bc4 e6 9. O-O Bg7 10. Be3 O-O 11. Kh1 b6 12. Qf3 Bb7 13. Qh3 Nd5 14. Ne4 Qe7 15. Bd2 c5 16. Nxd7 Qxd7 17. dxc5 Bxb2 18. c3 Bxa1 19. Bxd5 f5 20. Bxb7 Qxb7 21. Nd6 Rfd8 22. Rxa1 bxc5 23. Nxb7 1-0


[Site "https://www.chess.com"]

[Event "Titled Tuesday Blitz May 16 Late 2023"]
[White "KSho99"]
[Black "Haszon, David"]
[BlackFideId "733610"]
[WhiteElo "2158"]
[BlackElo "2210"]
[Result "0-1"]
[Round "01"]
[TimeControl "180+2"]
[Date "2023.05.16"]
[WhiteClock "0:00:00"]
[BlackClock "0:00:51"]

1. Nf3 Nf6 2. e3 e6 3. d4 d5 4. Bd3 Be7 5. b3 O-O 6. Bb2 a5 7. O-O a4 8. Ne5 Nc6 9. Nxc6 bxc6 10. bxa4 Rxa4 11. c4 Ra8 12. c5 Ba6 13. Nc3 Nd7 14. f4 g6 15. a4 Bf6 16. Bxa6 Rxa6 17. Qd3 Ra5 18. Ra3 Qa8 19. Rfa1 Rb8 20. Bc1 Bg7 21. Bd2 Ra6 22. R1a2 f5 23. Be1 Nf6 24. Bh4 Ne4 25. Nxe4 fxe4 26. Qd1 Rb4 27. Be1 Rb7 28. a5 Qb8 29. Ra1 Rb2 30. R3a2 Rb5 31. Qg4 Qe8 32. Qg5 Kf7 33. Rf2 Qe7 34. Qxe7+ Kxe7 35. Raa2 Rb1 36. Kf1 Bf6 37. Rfb2 Rc1 38. Rc2 Rd1 39. Ke2 Rb1 40. Rcb2 Rxb2+ 41. Rxb2 g5 42. Rb7 Kd7 43. fxg5 Bxg5 44. Bg3 Bd8 45. Be1 Bf6 46. g4 e5 0-1


[Site "https://www.chess.com"]

[Event "Titled Tuesday Blitz May 16 Late 2023"]
[White "Tarnowska, Aleksandra"]
[Black "Mortazavi, Ali"]
[WhiteFideId "1180967"]
[BlackFideId "401323"]
[WhiteElo "1776"]
[BlackElo "2339"]
[Result "0-1"]
[Round "01"]
[TimeControl "180+2"]
[Date "2023.05.16"]
[WhiteClock "0:00:00"]
[BlackClock "0:00:49"]

1. e4 c6 2. d4 d5 3. Nc3 dxe4 4. Nxe4 Nf6 5. Nxf6+ exf6 6. Nf3 Bd6 7. Be3 O-O 8. Qd2 Re8 9. Bd3 Bg4 10. h3 Be6 11. a3 Nd7 12. O-O Nf8 13. Rfe1 Ng6 14. Rad1 b5 15. Nh2 f5 16. f4 Bd5 17. g3 Qf6 18. Kf2 h5 19. Be2 h4 20. Rg1 Re6 21. g4 Rae8 22. gxf5 Rxe3 23. fxg6 Rxe2+ 24. Qxe2 Rxe2+ 25. Kxe2 Bc4+ 26. Ke1 Bxf4 27. gxf7+ Qxf7 28. Nf3 Bg3+ 29. Kd2 Qf4+ 30. Kc3 Qxf3+ 31. Kb4 Qf8+ 32. Ka5 Qd8+ 33. Kb4 Bc7 34. Kc3 a5 35. b4 Bg3 36. Rd2 axb4+ 37. axb4 Qa8 0-1


[Site "https://www.chess.com"]

[Event "Titled Tuesday Blitz May 16 Late 2023"]
[White "Plotnikov, Pavel"]
[Black "Florianovitz, Derlei Alex"]
[WhiteFideId "4170342"]
[BlackFideId "2114178"]
[WhiteElo "2298"]
[BlackElo "1953"]
[Result "1-0"]
[Round "01"]
[TimeControl "180+2"]
[Date "2023.05.16"]
[WhiteClock "0:00:44"]
[BlackClock "0:00:05"]

1. d4 Nf6 2. c4 e6 3. Nc3 Bb4 4. e3 d5 5. Bd3 O-O 6. Ne2 Nbd7 7. O-O c5 8. a3 Bxc3 9. bxc3 Re8 10. cxd5 exd5 11. Ng3 cxd4 12. cxd4 Nf8 13. a4 Ne4 14. f3 Nxg3 15. hxg3 Qf6 16. Kf2 Bf5 17. Ba3 Rac8 18. Bxf5 Qxf5 19. Ra2 Rc3 20. Re1 Rec8 21. Qb1 Rc2+ 22. Kg1 Qd3 23. Bc5 Rc3 24. Qxd3 Rxd3 25. Bxa7 Ne6 26. Rb2 Ra3 27. Rxb7 Rxa4 28. Reb1 h6 29. g4 Rc3 30. Kf2 Ra2+ 31. R1b2 Rc2+ 32. Rxc2 Rxc2+ 33. Kg3 g5 34. Rd7 Re2 35. Rxd5 Rxe3 36. Re5 Rd3 37. Re4 Rd2 38. Bb8 Rxd4 39. Re2 Nf4 40. Rc2 Rb4 41. Be5 Kh7 42. Rc7 Kg6 43. Rc6+ Kh7 44. Rf6 Ne2+ 45. Kf2 Nf4 46. Rxf7+ Kg6 47. Rf6+ Kh7 48. Rf7+ Kg6 49. Rg7# 1-0


[Site "https://www.chess.com"]

[Event "Titled Tuesday Blitz May 16 Late 2023"]
[White "Lopez Perdomo, Juan David"]
[Black "Potapova, Margarita"]
[WhiteFideId "4405137"]
[BlackFideId "14126869"]
[WhiteElo "1965"]
[BlackElo "2244"]
[Result "0-1"]
[Round "01"]
[TimeControl "180+2"]
[Date "2023.05.16"]
[WhiteClock "0:00:00"]
[BlackClock "0:01:13"]

1. d4 Nf6 2. c4 g6 3. Nc3 c5 4. Nf3 cxd4 5. Qxd4 Bg7 6. e4 Nc6 7. Qc5 O-O 8. Be2 d6 9. Qa3 Bg4 10. Bf4 Bxf3 11. Bxf3 Nd4 12. Bd1 a6 13. Be3 Nd7 14. O-O b5 15. cxb5 axb5 16. Qb4 Ne6 17. Qxb5 Rb8 18. Qe2 Ndc5 19. Bc2 Rxb2 20. Qd2 Qa5 21. Nd5 Qxd2 22. Bxd2 Rxc2 23. Bb4 Bxa1 24. Nxe7+ Kg7 25. Rxa1 Nxe4 26. f3 Rb8 27. Nd5 N4c5 28. a3 f6 29. h3 h5 30. Bc3 Kf7 31. Rd1 Nf4 0-1


[Site "https://www.chess.com"]

[Event "Titled Tuesday Blitz May 16 Late 2023"]
[White "Janaszak, Dawid"]
[Black "Horokoskii"]
[WhiteFideId "1119206"]
[WhiteElo "2220"]
[BlackElo "2149"]
[Result "1-0"]
[Round "01"]
[TimeControl "180+2"]
[Date "2023.05.16"]
[WhiteClock "0:00:33"]
[BlackClock "0:00:02"]

1. e4 e6 2. b3 d5 3. Bb2 Nf6 4. d3 dxe4 5. Nd2 Bb4 6. a3 Ba5 7. b4 Bb6 8. dxe4 O-O 9. Bd3 Nc6 10. Ngf3 Nd4 11. O-O Nxf3+ 12. Nxf3 a5 13. Qe2 axb4 14. axb4 Rxa1 15. Bxa1 h6 16. c4 c6 17. Rd1 Qe7 18. c5 Bc7 19. e5 Nd5 20. Qe4 g6 21. h4 h5 22. g3 Kg7 23. Kg2 b6 24. Bd4 Rd8 25. Rb1 bxc5 26. Bxc5 Qd7 27. Rc1 Nxb4 28. Bb1 Nd5 29. Ng5 Ba6 30. Kh2 Ne7 31. Ba2 Bb5 32. Qf4 Nf5 33. Ne4 Qd5 34. Bxd5 cxd5 35. Nd6 Nxd6 36. Bxd6 Bxd6 37. exd6 Bc4 38. Qd4+ Kf8 39. Qb6 Rc8 40. d7 1-0


[Site "https://www.chess.com"]

[Event "Titled Tuesday Blitz May 16 Late 2023"]
[White "Djordjevic, Dejan N"]
[Black "Sivakumar, Shaaketh"]
[WhiteFideId "913316"]
[BlackFideId "30940176"]
[WhiteElo "2261"]
[BlackElo "2174"]
[Result "0-1"]
[Round "01"]
[TimeControl "180+2"]
[Date "2023.05.16"]
[WhiteClock "0:00:26"]
[BlackClock "0:02:01"]

1. e4 e6 2. d3 d5 3. Nd2 c5 4. Ngf3 Nc6 5. c3 Nf6 6. g3 Bd6 7. Bg2 O-O 8. O-O Qc7 9. Re1 Rd8 10. Qe2 Nd7 11. Nf1 b5 12. a4 b4 13. h4 Ba6 14. N1h2 Nde5 15. Nxe5 Nxe5 16. Rd1 Qa5 17. f4 Nxd3 18. Rxd3 bxc3 19. bxc3 Rab8 20. exd5 exd5 21. Bxd5 Bxd3 22. Qxd3 c4 23. Qxc4 Rbc8 24. Bxf7+ Kf8 25. Qa2 Qxc3 26. Nf1 Bc5+ 27. Kg2 Qd4 28. Be3 Qe4+ 29. Kf2 Bd4 30. Bxd4 Rc2+ 0-1


[Site "https://www.chess.com"]

[Event "Titled Tuesday Blitz May 16 Late 2023"]
[White "Richter, Paul"]
[Black "ritanovikova"]
[WhiteFideId "2046350"]
[WhiteElo "2542"]
[BlackElo "2126"]
[Result "1-0"]
[Round "01"]
[TimeControl "180+2"]
[Date "2023.05.16"]
[WhiteClock "0:00:14"]
[BlackClock "0:00:00"]

1. e4 d5 2. exd5 Qxd5 3. Nc3 Qd6 4. Bc4 Nf6 5. d3 c6 6. Nge2 Bg4 7. f3 Bh5 8. Be3 e6 9. Qd2 Nbd7 10. O-O-O O-O-O 11. g4 Bg6 12. h4 h5 13. Nf4 Nd5 14. Nxg6 fxg6 15. Ne4 Qc7 16. Bg5 Re8 17. Rde1 Bb4 18. c3 Be7 19. Bb3 Ne5 20. Qe2 Bxg5+ 21. Nxg5 Nf4 22. Qe4 Nexd3+ 23. Kb1 Nxe1 24. Rxe1 e5 25. Qa4 Kb8 26. gxh5 gxh5 27. a3 Rhf8 28. Ka2 Nd3 29. Rd1 Nc5 30. Qb4 Nxb3 31. Qxb3 Rf4 32. Ne6 Qf7 33. Nxf4 Qxb3+ 34. Kxb3 exf4 35. Rd4 Rf8 36. Rd7 g5 37. hxg5 Rg8 38. Rf7 Rxg5 39. Rxf4 Kc7 40. Rf7+ Kb6 41. Rh7 Rf5 42. a4 a5 43. Ka3 Ka6 44. f4 b5 45. Rh6 Kb6 46. axb5 Kxb5 47. Kb3 a4+ 48. Kc2 c5 49. Rh8 Rxf4 50. Rxh5 Rf2+ 51. Kb1 Rf1+ 52. Ka2 Rf2 53. Rh8 Rf4 54. Rb8+ Kc4 55. Ka3 1-0


[Site "https://www.chess.com"]

[Event "Titled Tuesday Blitz May 16 Late 2023"]
[White "Kev4444444444"]
[Black "Ravuri, Vinesh"]
[BlackFideId "45042632"]
[WhiteElo "2106"]
[BlackElo "2066"]
[Result "0-1"]
[Round "01"]
[TimeControl "180+2"]
[Date "2023.05.16"]
[WhiteClock "0:00:49"]
[BlackClock "0:01:59"]

1. e4 e5 2. Nf3 Nc6 3. Bc4 Bc5 4. c3 Nf6 5. d3 d6 6. O-O h6 7. h3 g5 8. b4 Bb6 9. a4 a5 10. b5 Ne7 11. Qb3 Rf8 12. Bxg5 hxg5 13. Nxg5 d5 14. exd5 Nfxd5 15. Re1 f6 16. Nh7 Rf7 17. Bxd5 Nxd5 18. Nxf6+ Qxf6 19. d4 Qxf2+ 0-1


[Site "https://www.chess.com"]

[Event "Titled Tuesday Blitz May 16 Late 2023"]
[White "Loiacono, Antonio"]
[Black "Martinez, Ayelen"]
[WhiteFideId "895415"]
[BlackFideId "118702"]
[WhiteElo "2257"]
[BlackElo "2125"]
[Result "1-0"]
[Round "01"]
[TimeControl "180+2"]
[Date "2023.05.16"]
[WhiteClock "0:00:53"]
[BlackClock "0:00:32"]

1. e4 c5 2. Nf3 d6 3. d4 cxd4 4. Nxd4 Nf6 5. Nc3 a6 6. a4 e5 7. Nf3 Be6 8. Ng5 h6 9. Nxe6 fxe6 10. Bc4 Qc8 11. Ba2 Nc6 12. O-O Be7 13. Be3 O-O 14. Qf3 Kh7 15. Qh3 Nd8 16. Rad1 b5 17. axb5 axb5 18. Bb3 b4 19. Nb1 Nxe4 20. Nd2 Nc5 21. Bxc5 Qxc5 22. Ne4 Qc6 23. Nxd6 Bxd6 24. Qd3+ Rf5 25. Bxe6 e4 26. Bxf5+ g6 27. Bxg6+ Kxg6 28. Qxd6+ Qxd6 29. Rxd6+ Kf5 30. Rfd1 Nf7 31. R1d5+ Ne5 32. h3 e3 33. fxe3 Ke4 34. Rb5 Kxe3 35. Rxe5+ 1-0


[Site "https://www.chess.com"]

[Event "Titled Tuesday Blitz May 16 Late 2023"]
[White "Stead, Kerry"]
[Black "Huber, Benedikt"]
[WhiteFideId "3202577"]
[BlackFideId "12923583"]
[WhiteElo "1997"]
[BlackElo "2215"]
[Result "0-1"]
[Round "01"]
[TimeControl "180+2"]
[Date "2023.05.16"]
[WhiteClock "0:00:19"]
[BlackClock "0:00:37"]

1. d4 f5 2. e4 f4 3. Bxf4 d6 4. Nf3 g6 5. Bc4 e6 6. O-O Bg7 7. c3 Nf6 8. Nbd2 O-O 9. Re1 d5 10. exd5 exd5 11. Bd3 Nc6 12. Qc2 Ne7 13. Be5 Nf5 14. Re2 c6 15. Rae1 Nh5 16. Bxg7 Kxg7 17. g4 Nf4 18. gxf5 Nxe2+ 19. Rxe2 Bxf5 20. Bxf5 Rxf5 21. Ne5 Qg5+ 22. Kf1 Raf8 23. Ke1 Rxf2 24. Rxf2 Qe3+ 25. Re2 Qg1+ 26. Nf1 Rxf1+ 27. Kd2 Qg5+ 28. Re3 Rf2+ 29. Kd3 Rxc2 30. Nf3 Qf5+ 0-1


[Site "https://www.chess.com"]

[Event "Titled Tuesday Blitz May 16 Late 2023"]
[White "Erzhanov, Arman"]
[Black "Manu_ChessExcelsior"]
[WhiteFideId "4138821"]
[WhiteElo "2138"]
[BlackElo "2060"]
[Result "1-0"]
[Round "01"]
[TimeControl "180+2"]
[Date "2023.05.16"]
[WhiteClock "0:01:39"]
[BlackClock "0:00:00"]

1. e4 c5 2. Nf3 Nc6 3. Bb5 g6 4. O-O Bg7 5. c3 Qc7 6. d4 cxd4 7. cxd4 a6 8. Be2 d6 9. Nc3 e6 10. Bf4 Nge7 11. Rc1 O-O 12. d5 e5 13. Bg5 Nd4 14. Nxd4 exd4 15. Na4 Qd8 16. Bxe7 Qxe7 17. Nb6 Rb8 18. f3 f5 19. Bd3 fxe4 20. fxe4 Rxf1+ 21. Qxf1 Bg4 22. Qf4 h5 23. h3 g5 24. Qd2 Bc8 25. Nxc8 Qf6 26. Qf2 Qd8 27. Qf5 Be5 28. Qe6+ Kg7 29. Ne7 1-0


[Site "https://www.chess.com"]

[Event "Titled Tuesday Blitz May 16 Late 2023"]
[White "Joubert, Dantelle"]
[Black "Khandelwal, Ankush"]
[WhiteFideId "14310813"]
[BlackFideId "413470"]
[WhiteElo "1507"]
[BlackElo "2263"]
[Result "0-1"]
[Round "01"]
[TimeControl "180+2"]
[Date "2023.05.16"]
[WhiteClock "0:00:00"]
[BlackClock "0:00:19"]

1. d4 Nf6 2. c4 g6 3. Nc3 Bg7 4. e4 d6 5. Nf3 O-O 6. Be2 Nbd7 7. e5 dxe5 8. dxe5 Ng4 9. e6 fxe6 10. O-O Nde5 11. Qc2 Qd6 12. Nxe5 Nxe5 13. Be3 c6 14. Rad1 Qc7 15. f4 Nf7 16. c5 e5 17. Bc4 Kh8 18. fxe5 Bf5 19. Rxf5 gxf5 20. e6 Ne5 21. Bb3 f4 22. Bf2 f3 23. Bg3 fxg2 24. Kxg2 Rad8 25. Re1 Nf3 26. Re2 Qa5 27. Qe4 Qxc5 28. Qh4 Nxh4+ 0-1


[Site "https://www.chess.com"]

[Event "Titled Tuesday Blitz May 16 Late 2023"]
[White "Luo, Terry"]
[Black "Curtis, John"]
[WhiteFideId "30931045"]
[BlackFideId "3200256"]
[WhiteElo "2265"]
[BlackElo "2203"]
[Result "1-0"]
[Round "01"]
[TimeControl "180+2"]
[Date "2023.05.16"]
[WhiteClock "0:00:19"]
[BlackClock "0:00:00"]

1. d4 Nf6 2. Nc3 d5 3. Bf4 c6 4. e3 g6 5. Nf3 Bg7 6. h3 O-O 7. Be2 Bf5 8. O-O Na6 9. Bd3 Nb4 10. Bxf5 gxf5 11. a3 Na6 12. Ne5 Nc7 13. Ng4 fxg4 14. hxg4 Ne6 15. Bg3 Nd7 16. Ne2 f5 17. gxf5 Rxf5 18. Qd3 Rf6 19. f3 Nef8 20. e4 e6 21. Rae1 Rf7 22. Nf4 Qg5 23. Ne2 Re8 24. Bh2 Bh6 25. Ng3 Qd2 26. Qb3 Qxd4+ 27. Kh1 Qb6 28. Qd3 Nc5 29. Qd1 dxe4 30. fxe4 Rxf1+ 31. Rxf1 Qxb2 32. Nh5 Nxe4 33. Qg4+ Ng5 34. Nf6+ Kf7 35. Be5 Qxe5 36. Nd7+ Qf5 37. Rxf5+ exf5 38. Qxf5+ Ke7 39. Ne5 Nfe6 40. Ng4 Bg7 41. Qa5 a6 42. Qb4+ Kf7 43. Qxb7+ Re7 44. Qxc6 Nd4 45. Qxa6 Re1+ 46. Kh2 Ne4 47. Qb7+ Kg6 48. Qd5 h5 49. Ne5+ Bxe5+ 50. Qxe5 Nf5 51. Qe8+ Kg5 52. Qg8+ Kf4 53. Qb8+ Kg4 54. Qg8+ Ng5 55. Qc4+ Re4 56. Qd3 h4 57. Qd1+ Kf4 58. Qf1+ Ke5 59. c4 Ng3 60. Qa1+ Kf4 61. c5 Re2 62. Qf6+ Kg4 63. Qd4+ Kf5 64. Qd5+ Kg4 65. c6 h3 66. c7 hxg2 67. c8=Q+ 1-0


[Site "https://www.chess.com"]

[Event "Titled Tuesday Blitz May 16 Late 2023"]
[White "Dmitriev, Sergey"]
[Black "Kokoszczynski, Jan"]
[WhiteFideId "14101785"]
[BlackFideId "1174460"]
[WhiteElo "2132"]
[BlackElo "2139"]
[Result "1-0"]
[Round "01"]
[TimeControl "180+2"]
[Date "2023.05.16"]
[WhiteClock "0:00:41"]
[BlackClock "0:00:06"]

1. e4 c6 2. Nf3 d5 3. exd5 cxd5 4. d4 Nc6 5. Bf4 Nf6 6. Nbd2 Bg4 7. c3 e6 8. Be2 Bd6 9. Ne5 Bxe2 10. Qxe2 Qc7 11. Ndf3 O-O 12. O-O Ne4 13. Rfe1 f6 14. Nxc6 bxc6 15. Bxd6 Qxd6 16. Nd2 Nxd2 17. Qxd2 Rab8 18. b3 Rfe8 19. Re3 Re7 20. Rae1 Rbe8 21. R1e2 c5 22. Qe1 cxd4 23. cxd4 Kf7 24. Rc2 Rc7 25. Rec3 Rec8 26. Qc1 Rxc3 27. Rxc3 Rxc3 28. Qxc3 h5 29. g3 g5 30. Kg2 h4 31. Qa5 a6 32. Qc3 f5 33. a4 g4 34. gxh4 Kg6 35. Qe3 f4 36. Qd3+ Kf6 37. f3 gxf3+ 38. Kxf3 e5 39. dxe5+ Qxe5 40. Qxa6+ Kg7 41. Qd3 Kf6 42. h3 Qh5+ 43. Kg2 Qxh4 44. Qd4+ Ke6 45. Qf2 Qg5+ 46. Kf1 Qf5 47. Qb6+ Ke5 48. Qc7+ Ke4 49. Qc2+ Ke5 50. Qxf5+ Kxf5 51. a5 Ke5 52. a6 Kd6 1-0


[Site "https://www.chess.com"]

[Event "Titled Tuesday Blitz May 16 Late 2023"]
[White "The_Sherman_Variation"]
[Black "Milovic, Aleksandra"]
[BlackFideId "933988"]
[WhiteElo "2528"]
[BlackElo "2000"]
[Result "1-0"]
[Round "01"]
[TimeControl "180+2"]
[Date "2023.05.16"]
[WhiteClock "0:00:16"]
[BlackClock "0:00:05"]

1. g4 d5 2. g5 e5 3. h4 c5 4. d3 Nc6 5. Nc3 Be6 6. e4 d4 7. Nce2 Be7 8. Bh3 Bxh3 9. Nxh3 Qd7 10. Ng3 O-O-O 11. Qf3 f6 12. Bd2 fxg5 13. hxg5 h6 14. g6 Nf6 15. Nf5 Rdf8 16. O-O-O Ne8 17. Qg3 Nd6 18. Nxg7 c4 19. Nf5 cxd3 20. Qxd3 Nxf5 21. exf5 Rfg8 22. f3 Kb8 23. Nf2 Nb4 24. Bxb4 Bxb4 25. Ng4 Rc8 26. Nxe5 Qa4 27. Kb1 Rc3 28. bxc3 Bxc3 29. Qc4 Qa5 30. g7 Rc8 31. Qxc8+ Kxc8 32. g8=Q+ Kc7 33. Qf7+ Kb6 34. Nc4+ Kb5 35. Nxa5 Kxa5 36. Qb3 b5 37. Rh4 b4 38. Rhxd4 Kb6 39. Rxb4+ Bxb4 40. Qxb4+ Kc7 41. Qc5+ Kb7 42. Rd7+ Ka6 43. f6 h5 44. f7 h4 45. f8=N h3 46. Rh7 h2 47. Rxh2 Kb7 48. Nd7 a5 49. Ne5 a4 50. Nd3 a3 51. Rh7+ Ka8 52. Nb4 Kb8 53. Nd5 Ka8 54. Qc4 Kb8 55. Qc5 Ka8 56. Qc6+ Kb8 57. Qb6+ Ka8 58. Nc7# 1-0


[Site "https://www.chess.com"]

[Event "Titled Tuesday Blitz May 16 Late 2023"]
[White "dorpato"]
[Black "cristianserban1"]
[WhiteElo "1995"]
[BlackElo "2528"]
[Result "0-1"]
[Round "01"]
[TimeControl "180+2"]
[Date "2023.05.16"]
[WhiteClock "0:00:08"]
[BlackClock "0:00:42"]

1. e4 c6 2. d4 d5 3. e5 g6 4. Nf3 Bg4 5. Be2 e6 6. c3 a6 7. h3 Bxf3 8. Bxf3 c5 9. O-O Nc6 10. Be3 cxd4 11. cxd4 Nge7 12. Nc3 Nf5 13. Na4 Be7 14. Rc1 O-O 15. Nc5 Bxc5 16. Rxc5 Qd7 17. Qd2 Rfc8 18. Rfc1 Nce7 19. Bg5 Rxc5 20. Rxc5 Nc6 21. Be3 Rc8 22. Rc3 Nce7 23. Bg4 h5 24. Bxf5 Nxf5 25. Bg5 Rxc3 26. Qxc3 Qc6 27. Qb3 Nxd4 28. Qe3 Nf5 29. Qa7 Qc8 30. Bf6 Ng7 31. Qe3 Kh7 32. g4 Qc2 33. gxh5 Nxh5 34. Qa3 Qb1+ 35. Kh2 Qf5 36. Kg2 Nf4+ 37. Kg1 Qxh3 38. Qxh3+ Nxh3+ 39. Kg2 Nf4+ 40. Kf3 Nh5 41. Kg4 Nxf6+ 42. exf6 Kh6 43. f4 d4 44. Kf3 Kh5 45. Ke4 Kg4 46. Kxd4 Kxf4 0-1


[Site "https://www.chess.com"]

[Event "Titled Tuesday Blitz May 16 Late 2023"]
[White "Taboas Rodriguez, Daniel"]
[Black "Levar, Nenad"]
[WhiteFideId "2208466"]
[BlackFideId "14504430"]
[WhiteElo "2365"]
[BlackElo "2095"]
[Result "1-0"]
[Round "01"]
[TimeControl "180+2"]
[Date "2023.05.16"]
[WhiteClock "0:00:13"]
[BlackClock "0:00:25"]

1. d4 Nf6 2. Nf3 e6 3. c4 d5 4. Nc3 Be7 5. Bg5 O-O 6. e3 c6 7. Bd3 Nbd7 8. O-O dxc4 9. Bxc4 Nd5 10. Bxe7 Qxe7 11. Rc1 Nxc3 12. Rxc3 e5 13. Bb3 exd4 14. exd4 Nf6 15. Re1 Qd6 16. Ne5 a5 17. Qf3 Nd5 18. Bxd5 cxd5 19. Rec1 Be6 20. Rc7 Qb4 21. Qc3 g6 22. Qxb4 axb4 23. Rxb7 Rxa2 24. Rxb4 Rfa8 25. f4 Ra1 26. Rxa1 Rxa1+ 27. Kf2 Rd1 28. Ke2 Rg1 29. Kf2 Rd1 30. h4 h5 31. g3 Kg7 32. Nf3 Bg4 33. Ng5 Be6 34. Ke2 Rg1 35. Kf2 Rd1 36. Rb7 Kf6 37. Nf3 Kf5 38. b4 Rb1 39. b5 Rb2+ 40. Ke3 Rb3+ 41. Ke2 Rb2+ 42. Kd1 Ke4 43. Ne5 Kxd4 44. Nxf7 Bxf7 45. Rxf7 Kd3 46. Ke1 Rxb5 47. Rf6 Ke3 48. Kd1 d4 49. Rxg6 d3 50. Re6+ Kf3 51. Re5 Rb2 52. Rxh5 Kxg3 53. f5 Kf3 54. f6 Ke3 55. Re5+ Kd4 56. Re7 Rf2 57. f7 Kc3 58. Ke1 d2+ 59. Kxf2 d1=Q 60. f8=Q Qc2+ 61. Re2 Qf5+ 62. Qxf5 1-0


[Site "https://www.chess.com"]